 Dungeon Crawl Stone Soup version 0.31-a0-654-gbe3e110b4e (webtiles) character file.

Game seed: 8854671493833273256

31805 dondy the Nimble (level 13, -2/75 HPs)
             Began as a Gargoyle Earth Elementalist on Aug 29, 2023.
             Was a High Priest of Uskayaw.
             Slain by an entropy weaver (shapeshifter) (15 damage)
             ... on level 13 of the Dungeon.
             The game lasted 00:41:18 (16258 turns).

dondy the Nimble (Gargoyle Earth Elementalist)     Turns: 16258, Time: 00:41:19

Health: -2/75      AC: 20    Str: 11    XL:     13   Next: 60%
Magic:  15/26      EV: 19    Int: 20    God:    Uskayaw [*****.]
Gold:   182        SH:  0    Dex: 14    Spells: 18/30 levels left

rFire   . . .        t - +0 dagger (venom)
rCold   + . .        E - orb {mayhem}
rNeg    + + .        F - +2 robe {rN+}
rPois   ∞            G - +0 helmet {SInv}
rElec   +            w - +0 cloak
rCorr   .            Y - +2 pair of gloves
SInv    +            y - +0 pair of boots
Will    .....        (no amulet)
Stlth   +++          g - ring of wizardry
HPRegen 0.32/turn    T - ring of protection from cold
MPRegen 0.20/turn

%: mayhem, wizardry (x1)
@: hasted (expiring), very quick
A: sickness immunity, AC +9, negative energy resistance 1, electricity
resistance, torment resistance 1, petrification resistance, agile 1
a: Renounce Religion, Stomp, Line Pass, Grand Finale


You were on level 13 of the Dungeon.
You worshipped Uskayaw.
Uskayaw was noncommittal.
You visited 1 branch of the dungeon, and saw 13 of its levels.
You also visited: Bailey.

You collected 554 gold pieces.
You spent 372 gold pieces at shops.

Inventory:

Hand Weapons
 t - a +0 dagger of venom (weapon)
 x - the +1 short sword "Kiemeyg" {freeze, rPois rF+++ Will-}
   (You found it on level 6 of the Dungeon)

   rF+++:     It renders you almost immune to fire.
   rPois:     It protects you from poison Will-: It decreases your willpower.
 D - a +3 trident of draining
 I - the +5 sling "Olenlos" {heavy, Fragile rPois rCorr Int+2}
   (You found it in a bailey)

   Int+2:     It affects your intelligence (+2).
   rPois:     It protects you from poison rCorr: It protects you from acid and
   corrosion.
   Fragile:   It will be destroyed if unequipped.
 U - a -2 demon whip of venom
 V - a +1 dagger of distortion
Missiles
 d - 12 javelins
 k - 8 curare-tipped darts
 C - 2 boomerangs
 K - 16 poisoned darts
 N - 2 throwing nets
Armour
 v - the +0 helmet "Mecsirig" {Rampage rF+ rC- Will+}
   (You found it on level 5 of the Dungeon)

   rF+:       It protects you from fire.
   rC-:       It makes you vulnerable to cold.
   Will+:     It increases your willpower.
   Rampage:   It bestows one free step when moving towards enemies.
 w - a +0 cloak (worn)
 y - a +0 pair of boots (worn)
 A - a +0 kite shield
 E - an orb of mayhem (worn)
 F - a +2 robe of positive energy (worn)
 G - a +0 helmet of see invisible (worn)
 J - +0 acid dragon scales
 M - a +0 leather armour of cold resistance
 Q - a +3 leather armour
 Y - a +2 pair of gloves (worn)
Magical Staves
 H - a staff of air
Jewellery
 g - a ring of wizardry (left hand)
 o - an amulet of guardian spirit
 O - a ring of fire
 P - a +6 ring of strength
 T - a ring of protection from cold (right hand)
Wands
 R - a wand of digging (5)
 S - a wand of quicksilver (7)
Scrolls
 a - a scroll of fear
 c - a scroll of poison
 h - 7 scrolls of teleportation
 m - 3 scrolls of fog
 n - 3 scrolls of torment {unknown}
 p - a scroll of enchant armour {unknown}
 s - 2 scrolls of vulnerability {unknown}
 L - a scroll of enchant weapon {unknown}
 Z - a scroll of amnesia {unknown}
Potions
 b - 3 potions of magic
 e - 2 potions of brilliance
 f - 3 potions of might
 j - 3 potions of attraction
 q - a potion of enlightenment
 r - a potion of invisibility {unknown}
 u - a potion of haste
 z - a potion of degeneration {unknown}
 B - a potion of cancellation {unknown}
 W - a potion of mutation
 X - a potion of berserk rage {unknown}
Miscellaneous
 l - a phantom mirror


   Skills:
 + Level 6.5 Fighting
 - Level 4.0 Armour
 - Level 14.0 Dodging
 - Level 4.0 Stealth
 + Level 9.2 Spellcasting
 + Level 11.2 Conjurations
 - Level 1.0 Transmutations
 - Level 10.0 Earth Magic


You had 18 spell levels left.
You knew the following spells:

 Your Spells              Type           Power      Damage    Failure   Level
a - Sandblast             Erth           98%        2d20      1%          1
b - Stone Arrow           Conj/Erth      100%       3d13      1%          3
c - Petrify               Tmut/Erth      31%        N/A       3%          4
d - Passwall              Tmut/Erth      25%        N/A       1%          2
e - Searing Ray           Conj           100%       2d8       1%          2

Your spell library contained the following spells:

 Spells                   Type           Power      Damage    Failure   Level
 Magic Dart               Conj           100%       1d8       1%          1
 Mephitic Cloud           Conj/Pois/Air  24%        N/A       1%          3
 Fulminant Prism          Conj/Hex       15%        3d10      3%          4
 Poisonous Vapours        Pois/Air       18%        N/A       4%          2
 Freezing Cloud           Conj/Ice/Air   12%        6-21      17%         5


Dungeon Overview and Level Annotations

Branches:
Dungeon (13/15)            Temple (0/1) D:6            Lair (0/5) D:11
    Orc (0/2) D:10         Bailey (visited)
 Vaults: D:13-14

Altars:
Dithmenos
Fedhas
Gozag
Hepliaklqana
Makhleb
Ru
Uskayaw
Vehumet
Wu Jian
Yredelemnul
Zin
The Shining One

Shops:
D:10 ?*?*   D:13 *

Annotations:
D:7 2 transporters, kae's ghost, novice DrSh
D:12 exclusion: door


Innate Abilities, Weirdness & Mutations

You are immune to sickness and miasma.
Your stone body is resilient. (AC +9)
You are immune to poison.
You resist negative energy. (rN+)
You are resistant to electric shocks. (rElec)
You are resistant to unholy torment.
You are immune to petrification.
You are agile. (Dex +4, Str/Int -1)


Message History

The stone arrow hits the tengu warrior!!
The tengu warrior is heavily wounded.
An entropy weaver comes into view.
Uskayaw will force your foes to share their pain.
Uskayaw links your audience in an emotional bond!
Casting: Stone Arrow (safe; 1% risk of failure)
Confirm with . or Enter, or press ? or * to list all spells.
Aiming: Stone Arrow (safe; 1% risk of failure)
Press: ? - help, Shift-Dir - straight line, f/p - tengu warrior
Aim: a tengu warrior, wielding a +0 dire flail and wearing a +0 leather armour (heavily wounded, sharing its pain, 58% to hit)
The stone arrow hits the tengu warrior!!
The tengu warrior is almost dead.
The tengu warrior closely misses you.
The tengu warrior pecks you but does no damage.
The tengu warrior claws you but does no damage.
Casting: Stone Arrow (safe; 1% risk of failure)
Confirm with . or Enter, or press ? or * to list all spells.
Aiming: Stone Arrow (safe; 1% risk of failure)
Press: ? - help, Shift-Dir - straight line, f/p - tengu warrior
Aim: a tengu warrior, wielding a +0 dire flail and wearing a +0 leather armour (almost dead, sharing its pain, 58% to hit)
The stone arrow hits the tengu warrior!!
You kill the tengu warrior!
The entropy weaver flies into a frenzy!
Training target 4.0 for Armour reached!
Your Armour skill increases to level 4!
Okay, then.
Casting: Stone Arrow (safe; 1% risk of failure)
Confirm with . or Enter, or press ? or * to list all spells.
Aiming: Stone Arrow (safe; 1% risk of failure)
Press: ? - help, Shift-Dir - straight line, f - entropy weaver
Aim: an entropy weaver (lightly wounded, fast, strong, frenzied and wild, sharing its pain, 69% to hit)
The stone arrow hits the entropy weaver!
The entropy weaver is moderately wounded.
Your extra speed is starting to run out.
You can now merge with and destroy a victim.
Aiming: Grand Finale
Press: ? - help, Shift-Dir - straight line, f/p - entropy weaver
Aim: an entropy weaver (moderately wounded, fast, strong, frenzied and wild, sharing its pain)
You fail to use your ability.
The entropy weaver hits you!
You die...

#######.###..
#..B...## #..[
#.#####.# #....
###.#### ########..
#......## #.....# .
#.#..#..###.....#
#.....°...#.....#
#..#.∩.#..#.....#
##........#..†.@#
##..#....####'B#..#'
##...#....†........
###.#.............
#.##########..#' #.#
.... '..# #.#
#.....'..# #.#
#.....# .# #.#
#.....#.


You could see a neutral entropy weaver (fast, strong, frenzied, pain bonded).

Vanquished Creatures
  A centaur warrior (D:10)
  A boulder beetle (D:13)
  A tengu warrior (D:13)
  Amaemon (D:11)
  A skeletal warrior (D:10)
  A deep elf pyromancer (D:12)
  A cyclops (D:12)
  2 manticores
  An ugly thing (D:10)
  An ice statue (D:11)
  Jeremiah (D:7)
  An orange demon (D:11)
  2 gargoyles (D:12)
  2 unseen horrors (D:10)
  Psyche (D:11)
  A komodo dragon (D:11)
  A kobold demonologist (D:12)
  A rime drake (shapeshifter) (D:13)
  2 trolls (D:11)
  2 hornets
  12 slime creatures
  2 vampires
  2 wyverns
  2 shadows
  2 wraiths
  9 yaks
  A steam dragon (D:8)
  2 vampire mosquitoes
  A warg (D:10)
  A water moccasin (D:9)
  2 acid dragons
  An ice beast (D:4)
  3 sky beasts (D:8)
  9 orc warriors
  2 black bears (D:6)
  An ogre (D:5)
  Blork the orc (D:5)
  5 kobold brigands
  8 bullfrogs
  2 gnoll sergeants
  3 scorpions
  10 killer bees
  2 electric eels (D:13)
  2 howler monkeys
  2 hounds (D:5)
  6 orc priests
  4 sleepcaps
  6 iguanas
  11 orc wizards
  11 gnolls
  5 adders
  2 shadow imps (D:8)
  A white imp (D:5)
  3 worms (D:2)
  39 orcs
  4 ball pythons
  4 bats
  6 endoplasms
  2 giant cockroaches
  10 goblins
  7 hobgoblins
  A quokka (D:2)
  2 frilled lizards
  16 kobolds
  7 rats
259 creatures vanquished.

Vanquished Creatures (collateral kills)
  An orc knight (Bailey)
  8 yaks
  2 orc warriors (D:10)
  A killer bee (D:8)
  An orc priest (D:7)
  A gnoll bouda (D:8)
  5 gnolls
  A white imp (D:7)
  6 orcs
  A goblin (D:8)
  3 kobolds
30 creatures vanquished.

Vanquished Creatures (others)
  A kobold brigand (D:12)
  A gnoll (D:11)
  2 orcs
4 creatures vanquished.

Grand Total: 293 creatures vanquished

Notes
Turn   | Place    | Note
-------+----------+-------------------------------------------
     0 | D:1      | dondy the Gargoyle Earth Elementalist began the quest for
                  | the Orb.
     0 | D:1      | Reached XP level 1. HP: 10/10 MP: 3/3
    85 | D:1      | Found a faded altar of an unknown god.
    93 | D:1      | Prayed at the altar of an unknown god.
    93 | D:1      | Became a worshipper of Uskayaw the Reveller
    93 | D:1      | Reached * piety under Uskayaw
   226 | D:1      | Reached XP level 2. HP: 15/15 MP: 3/5
   226 | D:1      | Reached ** piety under Uskayaw
  1002 | D:2      | Reached skill level 5 in Earth Magic
  1002 | D:2      | Reached XP level 3. HP: 19/19 MP: 4/6
  1006 | D:2      | Learned a level 3 spell: Stone Arrow
  1534 | D:2      | Reached skill level 1 in Conjurations
  1719 | D:2      | Reached XP level 4. HP: 24/24 MP: 5/7
  1913 | D:3      | Found a hide-covered altar of Uskayaw.
  2335 | D:3      | Reached *** piety under Uskayaw
  2513 | D:3      | Found a hazy altar of Hepliaklqana.
  2751 | D:4      | Noticed an ice beast
  2994 | D:4      | Reached XP level 5. HP: 22/28 MP: 3/8
  3232 | D:4      | Killed an ice beast
  3233 | D:4      | Reached XP level 6. HP: 22/32 MP: 2/9
  3447 | D:4      | Found an opulent altar of Gozag.
  3488 | D:5      | Entered Level 5 of the Dungeon
  3508 | D:5      | Found a sacrificial altar of Ru.
  3835 | D:5      | Found a glowing silver altar of Zin.
  3978 | D:5      | Identified the +0 helmet "Mecsirig" {Rampage rF+ rC- Will+}
  4018 | D:5      | Reached XP level 7. HP: 36/36 MP: 5/10
  4114 | D:5      | Noticed Blork the orc
  4119 | D:5      | Killed Blork the orc
  4181 | D:5      | Reached skill level 5 in Conjurations
  4452 | D:6      | Identified the +1 short sword "Kiemeyg" {freeze, rPois
                  | rF+++ Will-}
  4464 | D:6      | Found a staircase to the Ecumenical Temple.
  4619 | D:6      | Reached XP level 8. HP: 34/41 MP: 8/13
  4925 | D:6      | Found a shadowy altar of Dithmenos.
  5162 | D:7      | Reached skill level 10 in Earth Magic
  5263 | D:7      | Reached **** piety under Uskayaw
  5267 | D:7      | Reached ***** piety under Uskayaw
  5414 | D:7      | Reached skill level 5 in Spellcasting
  5499 | D:7      | Found a transporter.
  5499 | D:7      | Noticed kae's ghost (novice DrSh)
  5503 | D:7      | Found a transporter.
  5524 | D:7      | Noticed Jeremiah
  6055 | D:7      | Killed Jeremiah
  6056 | D:7      | Reached XP level 9. HP: 29/45 MP: 1/16
  7280 | D:7      | Noticed a hornet
  7283 | D:7      | Killed a hornet
  7483 | D:8      | Found a flagged portal.
  7495 | Bailey   | Entered a bailey
  8130 | Bailey   | Learned a level 4 spell: Petrify
  8133 | Bailey   | Learned a level 2 spell: Passwall
  8190 | Bailey   | Noticed an orc knight
  8194 | Bailey   | Reached XP level 10. HP: 37/50 MP: 13/20
  8197 | Bailey   | Killed an orc knight
  8198 | Bailey   | Reached skill level 10 in Conjurations
  8256 | Bailey   | Identified the +5 sling "Olenlos" {heavy, Fragile rPois
                  | rCorr Int+2}
  8506 | D:8      | Reached skill level 2 in Dodging
  8656 | D:8      | Reached skill level 1 in Fighting
  8798 | D:8      | Reached skill level 3 in Dodging
  8992 | D:8      | Found a radiant altar of Vehumet.
  9294 | D:9      | Found a glowing golden altar of the Shining One.
  9343 | D:9      | You fall into a shaft and drop 2 floors!
  9347 | D:11     | Found a staircase to the Lair.
  9400 | D:11     | Reached skill level 4 in Dodging
  9585 | D:11     | Reached skill level 5 in Dodging
  9592 | D:11     | Reached skill level 6 in Dodging
  9922 | D:10     | Entered Level 10 of the Dungeon
  9932 | D:10     | Reached skill level 7 in Dodging
 10025 | D:10     | Found a burning altar of Makhleb.
 10053 | D:10     | Noticed an unseen horror
 10058 | D:10     | Killed an unseen horror
 10059 | D:10     | Reached XP level 11. HP: 60/61 MP: 10/23
 10152 | D:10     | Reached skill level 8 in Dodging
 10167 | D:10     | Reached skill level 9 in Dodging
 10258 | D:10     | Found a staircase to the Orcish Mines.
 10503 | D:10     | Found Dathit's General Store.
 10511 | D:10     | Bought a potion of brilliance for 44 gold pieces
 10764 | D:10     | Found Paybb's Magic Scroll Shoppe.
 10767 | D:10     | Bought a scroll of poison for 64 gold pieces
 10767 | D:10     | Bought a scroll of identify for 32 gold pieces
 10767 | D:10     | Bought a scroll of fear for 64 gold pieces
 10767 | D:10     | Bought a scroll of teleportation for 48 gold pieces
 10767 | D:10     | Bought a scroll of blinking for 120 gold pieces
 10828 | D:10     | Found Tebraciy's Assorted Antiques.
 10885 | D:10     | Reached skill level 10 in Dodging
 10970 | D:10     | Found Cagen's Magic Scroll Boutique.
 11050 | D:10     | Found an ornate altar of the Wu Jian Council.
 11050 | D:10     | Found a faded altar of an unknown god.
 11057 | D:10     | Found a faded altar of an unknown god.
 11059 | D:10     | Found a blossoming altar of Fedhas.
 11061 | D:10     | Found a basalt altar of Yredelemnul.
 11127 | D:10     | Noticed a skeletal warrior
 11139 | D:10     | Killed a skeletal warrior
 11344 | D:10     | Noticed a centaur warrior
 11345 | D:10     | Noticed a white ugly thing
 11359 | D:10     | Killed a centaur warrior
 11360 | D:10     | Reached skill level 11 in Dodging
 11361 | D:10     | HP: 3/61 [white ugly thing (22)]
 12038 | D:9      | Learned a level 2 spell: Searing Ray
 12179 | D:10     | Killed a white ugly thing
 12180 | D:10     | Reached skill level 12 in Dodging
 12241 | D:10     | Noticed a manticore
 12247 | D:10     | Killed a manticore
 12522 | D:11     | Noticed Psyche
 12525 | D:11     | Killed Psyche
 12526 | D:11     | Noticed Amaemon
 12533 | D:11     | Killed Amaemon
 13012 | D:11     | Noticed a manticore
 13013 | D:11     | Noticed a two-headed ogre
 13932 | D:11     | Reached skill level 13 in Dodging
 13932 | D:11     | Reached XP level 12. HP: 66/66 MP: 0/24
 14938 | D:12     | Reached skill level 5 in Fighting
 14938 | D:12     | Reached skill level 14 in Dodging
 14938 | D:12     | Reached XP level 13. HP: 16/74 MP: 17/25
 15449 | D:12     | Reached skill level 1 in Transmutations
 16184 | D:13     | Found Cumiromu's Demolitions Depot.
 16220 | D:13     | HP: 2/74 [boulder beetle (4)]
 16233 | D:13     | HP: 2/74 [vampire mosquito (2)]
 16235 | D:13     | Gained mutation: You are agile. (Dex +4, Str/Int -1)
                  | [potion of mutation]
 16254 | D:13     | Noticed an entropy weaver
 16258 | D:13     | Slain by an entropy weaver (shapeshifter)

Illustrated notes

Levels and vault maps discovered:
D:1:      dpeg_arrival_round_b, layout_loops_ring,
          ebering_ecumenical_altar_mist, corexii_leaking_fountain,
          minmay_misc_feat_pillars, minmay_fountain_box
D:2:      layout_loops_cross, nicolae_houndstooth_variations
D:3:      layout_basic, mainiacjoe_overflow_boulevard,
          nicolae_hepliaklqana_hippocampus, chequers_serial_rivers_small_a
D:4:      layout_loops_cross, mainiacjoe_overflow_chevrons, minivault_11,
          minmay_ruptured
D:5:      layout_loops_ring, zin_scriptorium, nicolae_ru_path_of_blood,
          uniq_blork_the_orc
D:6:      layout_gridville, nicolae_dithmenos_through_a_glass_darkly,
          minmay_temple_entry_large_hall
D:7:      layout_gridville, gammafunk_ghost_arena, uniq_jeremiah
D:8:      layout_basic, amcnicky_altar_gilded, enter_bailey_5
D:9:      layout_loops_cross, overflow_temple_1_default
D:10:     minmay_blocky_corners, layout_grid_maze,
          mainiacjoe_overflow_small_starburst,
          chequers_temple_overflow_minitemple, david_orc_3, serial_shops,
          nicolae_stop_n_shop_2, nicolae_shop_rolled_up, shop,
          nicolae_square_shop
D:11:     lemuel_ice_statue, layout_layer_cave, lair_entry_dummy,
          lightli_corner_chamber, uniq_psyche, uniq_amaemon
D:12:     layout_roguey
D:13:     erik_rubicon_a, layout_loops_ring, skrybe_vaults_entry_preservation,
          gauntlet_entry_generic, nicolae_blasting_shop, nicolae_wwwww,
          nicolae_shop_gadgets, uniq_azrael, uniq_urug

Skill      XL: |  1  2  3  4  5  6  7  8  9 10 11 12 13 |
---------------+----------------------------------------+-----
Earth Magic    | 4 5 6 7 8 10 | 10.0
Conjurations   | 1 2 3 4 5 7 9 10 11 | 11.2
Spellcasting   | 3 5 7 8 9 |  9.2
Dodging        | 7 13 14 | 14.0
Fighting       | 4 5 6 |  6.5
Armour         | 2 4 |  4.0
Stealth        | 3 4 |  4.0
Transmutations | 1 |  1.0

Action                     |  1- 3 |  4- 6 |  7- 9 | 10-12 | 13-15 || total
---------------------------+-------+-------+-------+-------+-------++-------
  Melee: Dagger            |       |       |     2 |       |       ||     2
   Cast: Sandblast         |    44 |    69 |    80 |    36 |       ||   229
         Stone Arrow       |       |       |    90 |   220 |    46 ||   356
    Use: Scroll            |       |       |       |     5 |     3 ||     8
         Potion            |       |       |       |     3 |     5 ||     8
 Armour: Robe              |     2 |    11 |    37 |    36 |    19 ||   105
  Dodge: Dodged            |     7 |    21 |    55 |    57 |    20 ||   160

Table legend: (Time is in decaauts)
 A = Elapsed time spent in this place.
 B = Non-inter-level travel time spent in this place.
 C = Inter-level travel time spent in this place.
 D = Time resting spent in this place.
 E = Time spent auto-exploring this place.
 F = Levels seen in this place.
 G = Mean time per level.
                   A        B        C        D        E       F      G
               +--------+--------+--------+--------+--------+-----+--------+
         Total |  16371 |  15888 |    483 |   5963 |   7690 |  14 | 1169.4 |
       Dungeon |  15511 |  15028 |    483 |   5437 |   7472 |  13 | 1193.2 |
        Bailey |    859 |    859 |      0 |    526 |    218 |   1 |  859.0 |
               +--------+--------+--------+--------+--------+-----+--------+

Top non-repeatable levels by time:
    D:11: 2103 daAuts
    D:10: 1878 daAuts
    D:12: 1718 daAuts
     D:7: 1595 daAuts
     D:6: 1278 daAuts
     D:5: 1117 daAuts
     D:9: 1019 daAuts
     D:2: 909 daAuts
     D:4: 882 daAuts
     D:3: 875 daAuts
     D:1: 866 daAuts
  Bailey: 859 daAuts
     D:8: 850 daAuts
    D:13: 416 daAuts
